 Dungeon Crawl Stone Soup version 0.29.0-15-g675c0067aa (webtiles) character file.

Game seed: 10580782559915561572

2132 qw the Cleaver (level 9, -12/55 HPs)
             Began as a Gargoyle Fighter on Sept 11, 2022.
             Was an Initiate of Okawaru.
             Mangled by a two-headed ogre
             ... wielding a +0 giant club
              (23 damage)
             ... on level 7 of the Dungeon.
             The game lasted 00:01:56 (5874 turns).

qw the Cleaver (Gargoyle Fighter)                   Turns: 5874, Time: 00:01:56

Health: -12/55     AC: 24    Str: 23    XL:     9   Next: 30%
Magic:  9/9        EV:  8    Int: 10    God:    Okawaru [......]
Gold:   381        SH:  4    Dex:  9    Spells: 8/8 levels left

rFire   . . .      SeeInvis .   Y - +2 war axe (chaos)
rCold   . . .      Faith    .   c - +0 buckler
rNeg    + . .      Spirit   .   r - +0 chain mail
rPois   inf        Reflect  .   n - +0 helmet
rElec   +          Harm     .   i - +2 cloak
rCorr   .          Rampage  .   (no gloves)
Will    .....                   g - +2 pair of boots
Stlth   ..........              k - amulet of regeneration
HPRegen 0.98/turn               (no ring)
MPRegen 0.11/turn               (no ring)

@: about to teleport
A: sickness immunity, AC +6, negative energy resistance 1, electricity
resistance, torment resistance 1, petrification resistance
a: Renounce Religion


You were on level 7 of the Dungeon.
You worshipped Okawaru.
Okawaru was noncommittal.
You visited 2 branches of the dungeon, and saw 8 of its levels.

You collected 381 gold pieces.


Innate Abilities, Weirdness & Mutations

You are immune to sickness and miasma.
Your stone body is resilient. (AC +6)
You are immune to poison.
You resist negative energy. (rN+)
You are resistant to electric shocks. (rElec)
You are resistant to unholy torment.
You are immune to petrification.


   Skills:
 + Level 6.0 Fighting
 - Level 9.0 Axes
 - Level 1.7 Throwing
 - Level 5.3 Armour
 - Level 1.0 Dodging
 - Level 4.4 Shields


You had 8 spell levels left.
You didn't know any spells.
Your spell library was empty.

Inventory:

Hand Weapons
 h - a +0 morningstar
 Y - a +2 war axe of chaos (weapon)
Missiles
 l - 2 silver boomerangs (quivered)
 q - 2 boomerangs
Armour
 c - a +0 buckler (worn)
 f - a +0 scale mail of fire resistance
 g - a +2 pair of boots (worn)
 i - a +2 cloak (worn)
 n - a +0 helmet (worn)
 r - a +0 chain mail (worn)
Jewellery
 k - an amulet of regeneration (around neck)
 t - a ring of fire
Scrolls
 j - 3 scrolls of teleportation
 o - 2 scrolls of identify
Potions
 a - a potion of haste
 b - 3 potions of curing
 d - a potion of might
 e - 2 potions of heal wounds
 m - a potion of mutation

Dungeon Overview and Level Annotations

Branches:
Dungeon (7/15)             Temple (1/1) D:5

Altars:
Ashenzari
Cheibriados
Dithmenos
Elyvilon
Fedhas
Gozag
Hepliaklqana
Kikubaaqudgha
Makhleb
Nemelex Xobeh
Okawaru
Ru
Sif Muna
Trog
Uskayaw
Vehumet
Wu Jian
Xom
Yredelemnul
Zin
The Shining One

Shops:
D:4 (


Message History

b - 3 potions of curing (gained 1)
You now have 381 gold pieces (gained 18).
A two-headed ogre comes into view. It is wielding two +0 giant clubs.
The two-headed ogre shouts in stereo!
Enter note: Throw: 2 boomerangs (silver)
Press: ? - help, Q - select action, (/) - cycle Shift-Dir - straight line, f - two-headed ogre You throw a silver boomerang.
The silver boomerang hits the two-headed ogre.
The two-headed ogre is lightly wounded.
Throw: 2 boomerangs (silver)
Press: ? - help, Q - select action, (/) - cycle Shift-Dir - straight line, f/p - two-headed ogre You throw a silver boomerang.
The silver boomerang hits the two-headed ogre.
The two-headed ogre is lightly wounded.
Throw: 2 boomerangs (silver)
Press: ? - help, Q - select action, (/) - cycle Shift-Dir - straight line, f/p - two-headed ogre You throw a silver boomerang.
The silver boomerang barely misses the two-headed ogre.
You hit the two-headed ogre but do no damage.
The two-headed ogre is lightly wounded.
The two-headed ogre hits you with a +0 giant club! x2
You barely miss the two-headed ogre.
The two-headed ogre is lightly wounded.
The two-headed ogre hits you with a +0 giant club! x2
You slash the two-headed ogre! You burn the two-headed ogre.
The two-headed ogre is heavily wounded.
You slash the two-headed ogre!
The two-headed ogre looks as sick as possible!
The two-headed ogre is severely wounded.
The two-headed ogre barely misses you. x2
You hit the two-headed ogre.
You feel better.
The two-headed ogre is severely wounded.
The two-headed ogre hits you with a +0 giant club!
The two-headed ogre hits you but does no damage.
5874 ||| READING 4 scrolls of teleportation.
As you read the scroll of teleportation, it crumbles to dust.
You feel strangely unstable.
The two-headed ogre hits you with a +0 giant club!!
You die...

#..... ## #......
..###..... .........
#......# #....##
#.....## #....@O###
#........# .
#..#......#
..#######..###.......
......#......##......
#.....%............
###..<#............
#..##...####..... #..
##..# ..


You could see a two-headed ogre (extremely poisoned).

Vanquished Creatures
  A two-headed ogre (shapeshifter) (D:4)
  A water moccasin (D:7)
  A sky beast (D:6)
  An ice beast (D:6)
  3 ogres
  2 phantoms (D:4)
  2 bullfrogs (D:6)
  3 scorpions
  5 hounds
  A jelly (D:6)
  An orc priest (D:3)
  3 iguanas
  An orc wizard (D:5)
  12 adders
  3 shadow imps
  2 worms
  4 dart slugs
  18 orcs
  8 ball pythons
  8 endoplasms
  4 giant cockroaches
  5 goblins
  7 hobgoblins
  3 jackals (D:4)
  6 quokkas
  2 bats (D:1)
  4 frilled lizards
  8 kobolds
  6 rats
125 creatures vanquished.

Vanquished Creatures (others)
  3 fungi (D:2)
  A plant (D:2)
4 creatures vanquished.

Grand Total: 129 creatures vanquished

Notes
Turn   | Place    | Note
-------+----------+-------------------------------------------
     0 | D:1      | qw the Gargoyle Fighter began the quest for the Orb.
     0 | D:1      | Reached XP level 1. HP: 14/14 MP: 1/1
     0 | D:1      | 0 ||| qw: Version: 0.1-a-119-g272c26d
     0 | D:1      | 0 ||| qw: Game counter: 10726
     0 | D:1      | 0 ||| qw: Always use a shield: true
     0 | D:1      | 0 ||| qw: God list: Okawaru
     0 | D:1      | 0 ||| qw: Allow faded altars: false
     0 | D:1      | 0 ||| qw: Do Orc after D:15 true
     0 | D:1      | 0 ||| qw: Do second Lair branch before Depths: true
     0 | D:1      | 0 ||| qw: Lair rune preference: random
     0 | D:1      | 0 ||| qw: Plans: Normal, Zot, God:TSO, Crypt, Tomb, Pan,
                  | Slime, Hells, Zig, Abyss, Orb
     0 | D:1      | 0 ||| PLANNING D:1-11
    24 | D:1      | Reached skill level 2 in Axes
    41 | D:1      | 41 ||| Stepping ~*~*~tactically~*~*~ (stealth).
   311 | D:1      | Reached XP level 2. HP: 19/19 MP: 2/2
   739 | D:1      | 739 ||| UPGRADING to +0 pair of boots.
   744 | D:1      | 744 ||| UPGRADING to +0 cloak.
   749 | D:1      | 749 ||| UPGRADING to amulet of regeneration.
   754 | D:1      | 754 ||| READING scroll labelled XOLEDU NEPLOV.
   758 | D:1      | 758 ||| READING scroll labelled JOUGEPOECRI.
   772 | D:2      | Reached skill level 3 in Axes
   772 | D:2      | Reached XP level 3. HP: 23/23 MP: 3/3
   953 | D:2      | 953 ||| Stepping ~*~*~tactically~*~*~ (stealth).
   956 | D:2      | Reached XP level 4. HP: 28/28 MP: 4/4
  1000 | D:2      | Found a faded altar of an unknown god.
  1166 | D:2      | Reached skill level 4 in Axes
  1172 | D:2      | 1172 ||| DROPPING +0 mace.
  1688 | D:2      | Identified the +8 dagger "Ogreslayer" {vamp, Str+3 Dex+3}
  1724 | D:2      | 1724 ||| UPGRADING to +0 scale mail of fire resistance.
  1734 | D:2      | 1734 ||| DROPPING +0 scale mail.
  1735 | D:2      | 1735 ||| READING scroll labelled MIZIARO VEGA.
  1736 | D:2      | 1736 ||| READING scroll labelled FAEHAE GENE.
  1924 | D:3      | 1924 ||| READING scroll of enchant weapon.
  1924 | D:3      | 1924 ||| ENCHANTING +1 war axe of chaos.
  2072 | D:3      | Reached XP level 5. HP: 32/32 MP: 5/5
  2079 | D:3      | 2079 ||| Stepping ~*~*~tactically~*~*~ (stealth).
  2082 | D:3      | 2082 ||| Stepping ~*~*~tactically~*~*~ (stealth).
  2083 | D:3      | 2083 ||| Stepping ~*~*~tactically~*~*~ (stealth).
  2088 | D:3      | 2088 ||| Stepping ~*~*~tactically~*~*~ (stealth).
  2091 | D:3      | 2091 ||| Stepping ~*~*~tactically~*~*~ (hiding).
  2106 | D:3      | Reached skill level 5 in Axes
  2375 | D:3      | Found a glowing golden altar of the Shining One.
  2375 | D:3      | Found a white marble altar of Elyvilon.
  2375 | D:3      | Found a glowing silver altar of Zin.
  2538 | D:3      | 2538 ||| UPGRADING to +0 chain mail.
  2548 | D:3      | 2548 ||| READING 4 scrolls labelled USEAWKO WISA.
  2549 | D:3      | 2549 ||| READING 3 scrolls of enchant armour.
  2549 | D:3      | 2549 ||| ENCHANTING +0 pair of boots.
  2550 | D:3      | 2550 ||| READING 2 scrolls of enchant armour.
  2550 | D:3      | 2550 ||| ENCHANTING +1 pair of boots.
  2551 | D:3      | 2551 ||| READING scroll of enchant armour.
  2551 | D:3      | 2551 ||| ENCHANTING +0 cloak.
  2552 | D:3      | 2552 ||| READING scroll labelled OVYPHI SUAGRUSK.
  2553 | D:3      | 2553 ||| READING scroll labelled GIOKHUKLIR.
  2554 | D:3      | 2554 ||| DRINKING 2 murky grey potions.
  2555 | D:3      | 2555 ||| READING 3 scrolls of identify.
  2555 | D:3      | 2555 ||| IDENTIFYING emerald potion
  2556 | D:3      | 2556 ||| READING 2 scrolls of identify.
  2556 | D:3      | 2556 ||| IDENTIFYING white potion
  2557 | D:3      | 2557 ||| DROPPING potion of brilliance.
  2649 | D:4      | Reached XP level 6. HP: 39/39 MP: 6/6
  2719 | D:4      | Noticed a glowing shapeshifter
  2719 | D:4      | a hound changed into a glowing shapeshifter
  2719 | D:4      | Noticed a two-headed ogre
  2719 | D:4      | a glowing shapeshifter changed into a two-headed ogre
  2721 | D:4      | Killed a two-headed ogre
  2722 | D:4      | Reached skill level 7 in Axes
  2722 | D:4      | Reached XP level 7. HP: 44/44 MP: 7/7
  2782 | D:4      | Reached skill level 1 in Throwing
  2782 | D:4      | Reached XP level 8. HP: 48/48 MP: 8/8
  2797 | D:4      | Found Plog's Antique Weapon Boutique.
  2813 | D:4      | 2813 ||| SHOPLISTING twisted flail (255 gold, have 227).
  2918 | D:4      | Reached skill level 1 in Dodging
  3708 | D:4      | 3708 ||| DROPPING +2 pair of boots.
  3709 | D:4      | 3709 ||| READING scroll labelled ROESOI XIGH.
  3710 | D:4      | 3710 ||| READING 2 scrolls of identify.
  3710 | D:4      | 3710 ||| IDENTIFYING grey potion
  3766 | D:5      | Entered Level 5 of the Dungeon
  3786 | D:5      | 3786 ||| READING scroll of enchant armour.
  3786 | D:5      | 3786 ||| ENCHANTING +1 cloak.
  3797 | D:5      | 3797 ||| Stepping ~*~*~tactically~*~*~ (hiding).
  3799 | D:5      | 3799 ||| Stepping ~*~*~tactically~*~*~ (hiding).
  3801 | D:5      | 3801 ||| Stepping ~*~*~tactically~*~*~ (hiding).
  3936 | D:5      | Found a staircase to the Ecumenical Temple.
  3938 | D:5      | 3938 ||| UPGRADING to +0 helmet.
  3951 | D:5      | 3951 ||| READING 2 scrolls of identify.
  3951 | D:5      | 3951 ||| IDENTIFYING bubbling grey potion
  3968 | D:5      | 3968 ||| PLANNING TEMPLE
  3968 | D:5      | 3968 ||| FLEEEEING.
  3972 | D:5      | Reached skill level 8 in Axes
  3978 | D:5      | 3978 ||| DROPPING potion of ambrosia.
  3993 | Temple   | Entered the Ecumenical Temple
  4269 | Temple   | 4269 ||| PLANNING D:1-11
  4292 | D:5      | 4292 ||| Stepping ~*~*~tactically~*~*~ (hiding).
  4428 | D:5      | 4428 ||| Stepping ~*~*~tactically~*~*~ (stealth).
  4468 | D:5      | Reached skill level 6 in Fighting
  4732 | D:5      | 4732 ||| READING scroll labelled QUFUODE PEXTOI.
  4742 | D:5      | 4742 ||| READING scroll labelled REGAT ROMM.
  4869 | D:6      | Found a burning altar of Makhleb.
  4886 | D:6      | Reached XP level 9. HP: 55/55 MP: 9/9
  5047 | D:6      | 5047 ||| Stepping ~*~*~tactically~*~*~ (stealth).
  5050 | D:6      | Reached skill level 9 in Axes
  5517 | D:6      | Found a snail-covered altar of Cheibriados.
  5520 | D:6      | Found a sparkling altar of Nemelex Xobeh.
  5520 | D:6      | Found an ornate altar of the Wu Jian Council.
  5520 | D:6      | Found a shimmering altar of Xom.
  5520 | D:6      | Found a blossoming altar of Fedhas.
  5538 | D:6      | Found a radiant altar of Vehumet.
  5538 | D:6      | Found an iron altar of Okawaru.
  5539 | D:6      | Found a hide-covered altar of Uskayaw.
  5710 | D:6      | 5710 ||| READING scroll labelled ETAEHA TIQE.
  5711 | D:6      | 5711 ||| READING 3 scrolls of identify.
  5711 | D:6      | 5711 ||| IDENTIFYING blue potion
  5792 | D:6      | Became a worshipper of Warmaster Okawaru
  5864 | D:7      | Noticed a two-headed ogre
  5873 | D:7      | HP: 10/55 [two-headed ogre/+0 giant club (13)]
  5874 | D:7      | 5874 ||| READING 4 scrolls of teleportation.
  5874 | D:7      | Mangled by a two-headed ogre

Levels and vault maps discovered:
D:1:      onia_arrival_handbag, layout_basic
D:2:      minmay_general_purpose_star, layout_loops_corners,
          shapermc_ecumenical_altar_rom_forum
D:3:      layout_basic, dreamdust_divine_triumvirate, nrook_campfire,
          serial_bayou_pond_e, minmay_pentangle
D:4:      layout_layer_cave, serial_shops, shop
D:5:      layout_cave_pools, minmay_temple_entry_grid
D:6:      layout_loops_ring, grunt_temple_overflow_open, lemuel_crystal_altar,
          serial_rivers, chequers_serial_rivers_micro_c,
          chequers_serial_rivers_large_a, chequers_serial_rivers_marsh,
          chequers_serial_rivers_small_3
D:7:      layout_layer_cave, enter_bailey_5, kennysheep_decorative_pillar
Temple:   compressed_dpeg_triangle_lava_temple

Skill      XL: |  1  2  3  4  5  6  7  8  9 |
---------------+----------------------------+-----
Axes           | 2 3 4 5 7 8 9 |  9.0
Fighting       | 4 6 |  6.0
Throwing       | 1 |  1.7
Dodging        | 1 |  1.0
Armour         | 4 5 |  5.3
Shields        | 4 |  4.4

Action                   |  1- 3 |  4- 6 |  7- 9 || total
-------------------------+-------+-------+-------++-------
Melee: War axe           |    54 |   137 |   146 ||   337
Throw: Boomerang         |       |    18 |    70 ||    88
  Use: Scroll            |     2 |    11 |     9 ||    22
       Potion            |       |     1 |       ||     1
 Stab: Paralysed         |       |       |     3 ||     3
Armor: Scale mail        |    25 |    61 |       ||    86
       Chain mail        |       |       |    60 ||    60
Dodge: Dodged            |    20 |    64 |    37 ||   121
Block: Buckler           |     9 |    22 |    22 ||    53

Table legend:
 A = Non-vault XP
 B = Vault XP
 C = Vault XP percentage of total XP
 D = Non-vault monster count
 E = Vault monster count
 F = Vault count percentage of total count
                 A         B        C        D         E       F
            +---------+---------+-------+---------+---------+-------
      Total |    3014 |      33 |   1.1 |     113 |      12 |   9.6
            +---------+---------+-------+---------+---------+-------
        D:1 |      16 |       6 |  27.3 |      11 |       4 |  26.7
        D:2 |      99 |       4 |   3.9 |      19 |       2 |   9.5
        D:3 |     141 |      23 |  14.0 |      24 |       6 |  20.0
        D:4 |    1279 |       0 |   0.0 |      23 |       0 |   0.0
        D:5 |     499 |       0 |   0.0 |      19 |       0 |   0.0
        D:6 |     835 |       0 |   0.0 |      16 |       0 |   0.0
        D:7 |     145 |       0 |   0.0 |       1 |       0 |   0.0
            +---------+---------+-------+---------+---------+-------
